 Dungeon Crawl Stone Soup version 0.30.0-30-g96aa6591b8 (webtiles) character file.

Game seed: 10519363228716922712

3 Bnni the Grasshopper (level 1, -6/17 HPs)
             Began as a Barachi Warper on June 30, 2023.
             Mangled by a gnoll
             ... wielding a +0 spear
              (9 damage)
             ... on level 1 of the Dungeon.
             The game lasted 00:00:21 (104 turns).

Bnni the Grasshopper (Barachi Warper)                Turns: 104, Time: 00:00:21

Health: -6/17      AC:  3    Str: 12    XL:     1   Next: 50%
Magic:  3/3        EV:  8    Int: 13    God:
Gold:   28         SH:  0    Dex: 11    Spells: 4/4 levels left

rFire   . . .        a - +0 mace
rCold   . . .        (no shield)
rNeg    . . .        b - +0 leather armour
rPois   .            (no helmet)
rElec   .            (no cloak)
rCorr   .            (no gloves)
SInv    .            (no boots)
Will    .....        (no amulet)
Stlth   +            (no ring)
HPRegen 0.22/turn    (no ring)
MPRegen 0.08/turn

%: no passive effects
@: constricted, slow
A: amphibious, slowness 1, strong legs 1, +LOS
a: Hop


You were on level 1 of the Dungeon.
You visited 1 branch of the dungeon, and saw 1 of its levels.

You collected 28 gold pieces.

Inventory:

Hand Weapons
 a - a +0 mace (weapon)
Missiles
 d - 7 boomerangs of dispersal (quivered)
Armour
 b - a +0 leather armour (worn)
Scrolls
 c - a scroll of blinking
 e - a scroll of vulnerability {unknown}


   Skills:
 + Level 2.5 Fighting
 * Level 2.4 Maces & Flails
 - Level 1.0 Throwing
 - Level 1.2 Armour
 - Level 2.1 Dodging
 - Level 2.1 Spellcasting
 - Level 3.2 Translocations


You had 4 spell levels left.
You didn't know any spells.
Your spell library contained the following spells:

 Spells                   Type           Power      Damage    Failure   Level
 Blink                    Tloc           18%        N/A       12%         2
 Lesser Beckoning         Tloc           18%        N/A       12%         2
 Teleport Other           Tloc           9%         N/A       24%         3
 Vhi's Electric Charge    Tloc/Air       10%        N/A       43%         3
 Manifold Assault         Tloc           9%         N/A       63%         4


Dungeon Overview and Level Annotations

Branches:
Dungeon (1/15)

Altars:


Innate Abilities, Weirdness & Mutations

You are amphibious.
You cover ground slowly.
You can hop short distances.
You have an extended range of vision and can be seen from far away.


Message History

A nearby plant withers and dies.
Found a book of Changes.
A nearby plant withers and dies.
The rat bites you.
The gnoll hits you from afar with a +0 spear.
The rat attacks as you move away! The rat closely misses you.
The rat misses you.
A rat comes into view.
The rat bites you.
You hit the rat.
You kill the rat!
The gnoll closely misses you.
The gnoll hits you from afar with a +0 spear.
* * * LOW HITPOINT WARNING * * *
A ball python and a dart slug come into view.
The dart slug launches a dart at you. The slug dart misses you.
The ball python moves out of view.
A frilled lizard comes into view.
The gnoll hits you from afar with a +0 spear.
* * * LOW HITPOINT WARNING * * *
The frilled lizard moves out of view.
The frilled lizard hisses angrily.
The ball python attacks as you move away!
The ball python misses you. The ball python completely misses you.
The ball python bites you.
* * * LOW HITPOINT WARNING * * *
The ball python barely misses you.
Found a stone staircase leading down.
The ball python bites you but does no damage.
The ball python grabs you. The ball python constricts you.
* * * LOW HITPOINT WARNING * * *
The gnoll barely misses you. The ball python barely misses you.
The ball python constricts you.
You escape the ball python's grasp.
You see here a rat corpse.
The ball python barely misses you. The ball python closely misses you.
You closely miss the ball python. The ball python barely misses you.
The ball python grabs you. The ball python constricts you.
* * * LOW HITPOINT WARNING * * *
The gnoll hits you from afar with a +0 spear!
Ouch! That really hurt!
You die...

...##.........##............>.
...#######...............##..##
......# #....................##
'####..# #.......#.......P.PP....
.#####.# #.....###......P.:..P...
.#..##.###..........#.......P...#
.#.#.#........#...g.#........P..#
..#..##.........#S#†##..l.PP.....
...#####........@.#....P....PP.#
<.....+.......#.###..gr..P.P...#
...#####........######>........#
..#..# #.........### #.w.......##
.#.#.# #...........#####.........
.#..## #####.#####..r............
.#### ...# #.###g....###... +#
#.#### #......#...# .. #
####...#......


You could see a gnoll and a ball python.

Vanquished Creatures
  2 ball pythons (D:1)
  2 rats (D:1)
4 creatures vanquished.

Notes
Turn   | Place    | Note
-------+----------+-------------------------------------------
     0 | D:1      | Bnni the Barachi Warper began the quest for the Orb.
     0 | D:1      | Reached XP level 1. HP: 17/17 MP: 3/3
   104 | D:1      | Mangled by a gnoll

Illustrated notes

Levels and vault maps discovered:
D:1:      nzn_arrival_crosshair, layout_rooms,
          hellmonk_ecumenical_altar_run_dry, minmay_misc_feat_square,
          nicolae_grassy_gnolls

Action                     || total
---------------------------++-------
  Melee: Mace              ||     6
 Armour: Leather armour    ||     4
  Dodge: Dodged            ||    15
